 Dungeon Crawl Stone Soup version 0.28.0-53-g5a82cb258f (webtiles) character file.

Game seed: 14381869613524011347

4188 Legadrian the Tortoise (level 10, -9/66 HPs)
             Began as a Gargoyle Fighter on July 4, 2022.
             Was a Believer of Elyvilon.
             Killed from afar by an efreet (25 damage)
             ... with a bolt of fire
             ... on level 8 of the Dungeon.
             The game lasted 00:32:41 (8165 turns).

Legadrian the Tortoise (Gargoyle Fighter)           Turns: 8165, Time: 00:32:42

Health: -9/66      AC: 20    Str: 30    XL:     10   Next: 29%
Magic:  0/10       EV: 10    Int: 15    God:    Elyvilon [**....]
Gold:   370        SH:  4    Dex:  9    Spells: 9/9 levels left

rFire   . . .      SeeInvis .   t - +1 morningstar (protect)
rCold   . . .      Faith    .   c - +0 buckler
rNeg    + + .      Spirit   +   d - +1 scale mail {rN+}
rPois   ∞          Reflect  .   (helmet restricted)
rElec   +          Harm     .   i - +0 cloak
rCorr   .          Rampage  .   (no gloves)
Will    +....                   (no boots)
Stlth   ..........              f - amulet of guardian spirit
HPRegen 0.21/turn               n - +6 ring of strength
MPRegen 0.12/turn               u - +6 ring of intelligence

@: no status effects
A: sickness immunity, AC +7, negative energy resistance 1, electricity
resistance, torment resistance 1, petrification resistance, beak, horns 1,
strong-willed 1
a: Renounce Religion, Purification, Heal Other


You were on level 8 of the Dungeon.
You worshipped Elyvilon.
Elyvilon was pleased with you.
You visited 2 branches of the dungeon, and saw 9 of its levels.
You also visited: Sewer.

You collected 370 gold pieces.

Inventory:

Hand Weapons
 a - a +0 flail
 p - a +3 short sword of flaming
 s - a +4 great sword
 t - a +1 morningstar of protection (weapon)
 v - a +0 hunting sling
Missiles
 q - 4 poisoned darts
 w - 6 boomerangs (quivered)
 x - a curare-tipped dart
Armour
 b - a +0 scale mail
 c - a +0 buckler (worn)
 d - a +1 scale mail of positive energy (worn)
 i - a +0 cloak (worn)
 j - a +0 chain mail
Magical Staves
 r - a staff of poison
Jewellery
 e - a +6 ring of intelligence
 f - an amulet of guardian spirit (around neck)
 n - a +6 ring of strength (left hand)
 u - a +6 ring of intelligence (right hand)
 z - a ring of wizardry
Wands
 h - a wand of polymorph (10)
 y - a wand of charming (2)
Scrolls
 g - 3 scrolls of amnesia
 l - 3 scrolls of teleportation
 m - 2 scrolls of brand weapon
 o - 2 scrolls of immolation
 A - a scroll of blinking
 B - a scroll of identify
Potions
 k - a potion of magic


   Skills:
 - Level 9.3 Fighting
 - Level 2.0 Maces & Flails
 - Level 15.3 Armour
 + Level 5.2 Shields


You had 9 spell levels left.
You didn't know any spells.
Your spell library contained the following spells:

 Spells                   Type           Power      Damage    Failure   Level
 Beastly Appendage        Tmut           0%         N/A       50%         1
 Magic Dart               Conj           0%         1d3       50%         1
 Searing Ray              Conj           0%         2d4       65%         2
 Wereblood                Tmut           0%         N/A       65%         2
 Spider Form              Tmut/Pois      0%         N/A       86%         3
 Fulminant Prism          Conj/Hex       0%         3d6       99%         4


Dungeon Overview and Level Annotations

Branches:
Dungeon (8/15)             Temple (1/1) D:5           Sewer (visited)
   Lair: D:8-11

Altars:
Ashenzari
Cheibriados
Dithmenos
Elyvilon
Fedhas
Gozag
Hepliaklqana
Kikubaaqudgha
Makhleb
Nemelex Xobeh
Okawaru
Qazlal
Ru
Sif Muna
Trog
Uskayaw
Vehumet
Wu Jian
Xom
Yredelemnul
Zin

Shops:
D:3 (:(   D:5 (   D:6 *


Innate Abilities, Weirdness & Mutations

You are immune to sickness and miasma.
Your stone body is resilient. (AC +7)
You are immune to poison.
You resist negative energy. (rN+)
You are resistant to electric shocks. (rElec)
You are resistant to unholy torment.
You are immune to petrification.
You have a beak for a mouth.
You have a pair of small horns on your head.
You are strong-willed. (Will+)


Message History

You hit the wight. You burn the wight.
You destroy the wight!
Things that are here:
a +4 great sword; a +0 robe
s - a +4 great sword
Things that are here:
a +1 morningstar of protection; a +0 robe
t - a +1 morningstar of protection
B - a scroll of identify
Items here: )) [[.
Your +3 short sword of flaming stops flaming.
Your +1 morningstar of protection hums with potential!
t - a +1 morningstar of protection (weapon)
Magic restored.
You see here a +0 robe.
Found a leather armour.
Found a leather armour.
You see here a +0 leather armour.
Found a hide-covered altar of Uskayaw.
An efreet is nearby!
You sock the efreet!
Your weapon exudes an aura of protection.
Your headbutt misses the efreet.
The efreet is moderately wounded.
The efreet hits you with a +4 scimitar of flaming.
The efreet burns you. You block the efreet's attack.
You sock the efreet!
The efreet is heavily wounded.
The efreet gestures at you. The bolt of fire hits you!!
You hit the efreet. Your headbutt misses the efreet. You peck the efreet.
The efreet is severely wounded.
The efreet barely misses you. The efreet gestures at you.
The fireball explodes!
The fireball engulfs you!!
* * * LOW HITPOINT WARNING * * *
The fireball engulfs the efreet.
The efreet completely resists.
The efreet gestures at you. The bolt of fire hits you!!
You die...

##.##.# #.#.#.##.#
......# #...#.....
...##.# ##°..# #####.##
#○..# ##.....### #☼..#
##.......# #R..#
##.##..<.# #...#
.........########...#####
.#)#.....##.....@........
..[[.....................
.#.#.....##..............
.#.......########...#####
###.....## #...# ##...##
.....# ##..# #...## ##
##.# #..[# .# #.#


You could see an efreet.

Vanquished Creatures
  An ugly thing (D:7)
  A wraith (D:5)
  4 water moccasins
  3 ice beasts
  Pargi (D:4)
  An orc warrior (D:6)
  A black bear (D:7)
  4 necrophages
  3 centaurs
  A phantom (D:6)
  A kobold brigand (D:6)
  5 bullfrogs
  A gnoll sergeant (D:8)
  5 scorpions
  7 wights
  2 howler monkeys
  2 vampire bats (D:6)
  A hound (D:4)
  A jelly (D:4)
  A centaur skeleton (D:4)
  2 orc priests
  3 bullfrog skeletons
  2 iguanas (D:5)
  3 orc wizards
  A howler monkey skeleton (D:7)
  3 gnolls (D:8)
  11 adders
  2 river rats (Sewer)
  A shadow imp (D:6)
  A white imp (D:6)
  2 adder skeletons (D:4)
  6 worms
  6 dart slugs
  14 orcs
  3 bats
  4 bat skeletons (D:6)
  A bat zombie (D:6)
  9 endoplasms
  2 giant cockroaches (D:2)
  5 goblins
  8 hobgoblins
  3 jackals (D:2)
  4 quokkas
  15 ball pythons
  11 frilled lizards
  11 kobolds
  12 rats
191 creatures vanquished.

Notes
Turn   | Place    | Note
-------+----------+-------------------------------------------
     0 | D:1      | Legadrian the Gargoyle Fighter began the quest for the Orb.
     0 | D:1      | Reached XP level 1. HP: 14/14 MP: 1/1
   366 | D:1      | Reached XP level 2. HP: 19/19 MP: 2/2
   380 | D:1      | Reached skill level 4 in Armour
   863 | D:2      | Reached XP level 3. HP: 23/23 MP: 3/3
   965 | D:2      | Found a faded altar of an unknown god.
  1179 | D:2      | Reached skill level 5 in Armour
  1378 | D:3      | Found Fucrai's Antique Weapon Boutique.
  1496 | D:3      | Reached XP level 4. HP: 24/28 MP: 4/4
  1704 | D:3      | Reached skill level 6 in Armour
  1705 | D:3      | Found a radiant altar of Vehumet.
  1814 | D:2      | Reached XP level 5. HP: 11/32 MP: 5/5
  2107 | D:2      | Gained mutation: You have a pair of small horns on your
                  | head. [potion of mutation]
  2107 | D:2      | Gained mutation: You have a beak for a mouth. [potion of
                  | mutation]
  2107 | D:2      | Gained mutation: You are strong-willed. (Will+) [potion of
                  | mutation]
  2429 | D:3      | Found Assium's Book Shoppe.
  2437 | D:3      | Reached skill level 14 in Armour
  2437 | D:3      | Reached XP level 6. HP: 37/37 MP: 6/6
  2454 | D:3      | Found Daobb's Weapon Emporium.
  2597 | D:3      | Found a basalt altar of Yredelemnul.
  3164 | D:4      | Noticed Pargi
  3204 | D:4      | Killed Pargi
  3205 | D:4      | Reached XP level 7. HP: 33/41 MP: 7/7
  3538 | D:4      | Found a glowing drain.
  3554 | Sewer    | Entered a sewer
  4246 | D:4      | Found a snail-covered altar of Cheibriados.
  4252 | D:4      | Found a bloodstained altar of Trog.
  4253 | D:4      | Found a shimmering blue altar of Sif Muna.
  4255 | D:4      | Found a shadowy altar of Dithmenos.
  4305 | D:5      | Entered Level 5 of the Dungeon
  4405 | D:5      | Reached XP level 8. HP: 42/48 MP: 8/8
  4495 | D:5      | Reached skill level 15 in Armour
  4527 | D:5      | Found a staircase to the Ecumenical Temple.
  4534 | Temple   | Entered the Ecumenical Temple
  4676 | Temple   | Became a worshipper of Elyvilon the Healer
  4952 | D:5      | Found Vaiwk's Weapon Boutique.
  5001 | D:5      | Noticed a wraith
  5089 | D:5      | Reached skill level 5 in Fighting
  5710 | D:5      | Killed a wraith
  5762 | D:6      | Reached XP level 9. HP: 20/54 MP: 4/9
  6159 | D:6      | Reached * piety under Elyvilon
  6459 | D:6      | Found an ancient bone altar of Kikubaaqudgha.
  6735 | D:6      | Found Winuyt's Serpentskin Sales.
  7010 | D:7      | Found an ornate altar of the Wu Jian Council.
  7011 | D:7      | Noticed a brown ugly thing
  7094 | D:7      | Found a glowing silver altar of Zin.
  7171 | D:7      | Reached ** piety under Elyvilon
  7349 | D:7      | Killed a brown ugly thing
  7350 | D:7      | Reached XP level 10. HP: 45/66 MP: 6/10
  7590 | D:7      | Found a sacrificial altar of Ru.
  7938 | D:8      | Reached skill level 5 in Shields
  8152 | D:8      | Found a hide-covered altar of Uskayaw.
  8165 | D:8      | Killed from afar by an efreet

Illustrated notes

Levels and vault maps discovered:
D:1:      psy_arrival_fountain, layout_basic
D:2:      minmay_evil_eye, layout_basic, hellmonk_ecumenical_altar_dog_temple,
          minmay_pentomino_v2
D:3:      layout_basic, mainiacjoe_overflow_small_starburst,
          nicolae_overflow_crystal_walls, serial_shops, shop, shop_statue,
          nicolae_shop_trees, st_stairs_13, minmay_increasing_density
D:4:      layout_gridville, minitemple, cheibrodos_sewer_entry_bend, uniq_pargi
D:5:      layout_cave_pools, temple_green, serial_shops,
          nicolae_shop_window_shopping, minmay_misc_feat_hallway
D:6:      layout_loops_ring, kennysheep_vampire_church, guppyfry_shop_venom
D:7:      layout_rooms, mainiacjoe_overflow_concentric_impassable,
          old_standard_altar, nicolae_ru_path_of_blood, serial_bayou_pond_c
D:8:      layout_loops_cross, mainiacjoe_overflow_tiny_flanked
Temple:   dpeg_chambers_temple

Skill      XL: |  1  2  3  4  5  6  7  8  9 10 |
---------------+-------------------------------+-----
Armour         | 4 5 6 14 15 | 15.3
Fighting       | 4 5 9 |  9.3
Shields        | 5 |  5.2
Maces & Flails | |  2.0

Action                   |  1- 3 |  4- 6 |  7- 9 | 10-12 || total
-------------------------+-------+-------+-------+-------++-------
Melee: Flail             |    87 |       |       |       ||    87
       Short sword       |    18 |    93 |   418 |    54 ||   583
       Peck              |       |     7 |    73 |    12 ||    92
       Headbutt          |       |     6 |    70 |    13 ||    89
       Morningstar       |       |       |       |     3 ||     3
Throw: Dart              |       |       |     4 |       ||     4
       Boomerang         |       |       |     1 |       ||     1
  Use: Potion            |       |     6 |     3 |     1 ||    10
       Scroll            |       |     7 |     5 |     1 ||    13
Armor: Scale mail        |    22 |    35 |   261 |    35 ||   353
       Chain mail        |    39 |    35 |       |       ||    74
Dodge: Dodged            |    35 |    38 |   174 |    37 ||   284
Block: Buckler           |    25 |    11 |    84 |    22 ||   142
